[Event "*** SCC Grand Prix: Titled Tuesday Blitz"]
[Site "Chess.com"]
[Date "2020.07.21"]
[Round "10"]
[White "ulises2013"]
[Black "Zkid"]
[Result "1/2-1/2"]
[WhiteElo "2648"]
[BlackElo "2781"]
[TimeControl "180+1"]
[EndTime "12:01:40 PDT"]
[Termination "Game drawn by agreement"]

1. d4 d5 2. c4 dxc4 3. Nf3 Nf6 4. e3 e6 5. Bxc4 c5 6. O-O Nc6 7. dxc5 Bxc5 8. Qxd8+ Kxd8 9. b3 b6 10. Bb2 Bb7 11.
Nbd2 Ke7 12. Rfd1 Rhd8 13. a3 Rac8 14. b4 Bd6 15. Be2 Bb8 16. Rac1 g6 17. Kf1 h5 18. Ke1 Nd5 19. g3 f6 20. h4 Kf7 21.
Nb3 Nce7 22. Rxc8 Rxc8 23. Rc1 Rxc1+ 24. Nxc1 e5 25. Nd2 Ke6 26. Bc4 Kd7 27. e4 Nc7 28. Ke2 Ne6 29. Ncb3 Bc6 30. f3 Bd6 31. Bc3 Ba4 32. Bd3 Nc7 33. Bb2 Nc6 34. Bc4 a5 35. bxa5 bxa5 36. Bf7 Bb5+ 37. Bc4 a4 38. Na1 Bc5 39. Nc2 Bxc4+ 40. Nxc4 Nb5 41. g4 Ke6 42. gxh5 gxh5 43. N4e3 Ne7 44. Kd3 Kd7 45. Kc4 Kc6 46.
Nb4+ Bxb4 47. Kxb4 Ng6 48. Nf5 Nd6 49. Ng7 Nf4 50.
Kxa4 Nd3 51. Kb3 Nf4 52. Bc1 Ne2 53. Be3 Ng3 54. a4 f5 55. exf5 Ndxf5 56. Nxf5 Nxf5 57.
Bf2 Nd6 58. Kb4 e4 59. fxe4 Nxe4 60. Be1 Nc5 61. Kc4 Nxa4 62. Kd4 Kd6 63. Ke4 Ke6 64. Kf4 Kf6 65. Kg3 Kf5 66. Kf3 Nc5 67. Bg3 Ne6 68.
Bf2 Nf4 69. Bg3 Nd3 70. Bf2 Ne5+ 71. Kg3 Ke4 72. Bb6 Nd3 73. Bd8 Ke3 74. Bg5+ Ke4 75.
Bd8 Nf4 76. Bg5 Ne2+ 1/2-1/2

[Event "*** SCC Grand Prix: Titled Tuesday Blitz"]
[Site "Chess.com"]
[Date "2020.07.21"]
[Round "10"]
[White "Ramil_Faizrakhmanov"]
[Black "blitzking1729"]
[Result "1-0"]
[WhiteElo "2781"]
[BlackElo "2582"]
[TimeControl "180+1"]
[EndTime "12:01:40 PDT"]
[Termination "Ramil_Faizrakhmanov won on time"]

1. d4 d5 2. c4 e6 3. Nf3 c5 4. cxd5 exd5 5. g3 Nc6 6. Nc3 Nf6 7. Bg2 cxd4 8. Nxd4 Bc5 9. Nxc6 bxc6 10. O-O O-O 11. b3 Re8 12. Bb2 h5 13. Rc1 Bb6 14. Na4 Bd7 15. h4 Qe7 16. e3 Ng4 17. Bd4 Bxd4 18.
Qxd4 Ne5 19. Rc3 Bg4 20. f4 Nd7 21. Rxc6 Qxe3+ 22. Qxe3 Rxe3 23. Bxd5 Rxg3+ 24. Kf2 Rd3 25. Rd6 Kh8 26. Bxa8 Rxd6 27. Ke3 Re6+ 28. Kd4 Nf6 29.
Nc5 Re2 30. a4 Rd2+ 31. Kc3 Rh2 32. Rh1 Rf2 33. Nd3 Re2 34. Re1 Rh2 35. Rh1 Re2 36. Ne5 Bf5 37. Nxf7+ Kh7 38. Ne5 Rc2+ 39. Kb4 Rc8 40.
Bf3 Be6 41. Nc6 Bd5 42. Bxd5 Nxd5+ 43. Kb5 a6+ 44. Kxa6 Rxc6+ 45. Kb5 Rc3 46. Rb1 Nxf4 47. a5 Ne6 48. a6 Rc7 49. Kb6 Rc8 50. a7 Nd8 51. b4 g5 52. hxg5 Kg6 53. b5 Kxg5 54. Ka6 h4 55. b6 h3 56. Rg1+ Kh4 57. Rg8 h2 58. Rh8+ Kg3 59. Kb5 Nb7 60. Rxc8 h1=Q 61. Rg8+ 1-0

[Event "*** SCC Grand Prix: Titled Tuesday Blitz"]
[Site "Chess.com"]
[Date "2020.07.21"]
[Round "10"]
[White "Happy1712Drummer"]
[Black "The_Machine04"]
[Result "1-0"]
[WhiteElo "2433"]
[BlackElo "2289"]
[TimeControl "180+1"]
[EndTime "12:01:40 PDT"]
[Termination "Happy1712Drummer won on time"]

1. d4 d6 2. Nf3 Nf6 3. g3 Nbd7 4. Bg2 e5 5. c4 Be7 6. Nc3 c6 7. O-O O-O 8. Qc2 Qc7 9. Rd1 Re8 10. h3 Bf8 11. e4 a6 12. Be3 Qb8 13. d5 cxd5 14.
cxd5 b5 15. b4 Nb6 16. Nd2 Bd7 17. Qd3 Rc8 18. Rdc1 Ra7 19. Nb3 Rac7 20. Na5 Nc4 21. Nxc4 Rxc4 22. a3 Be7 23. Nd1 Bd8 24. Nb2 Rxc1+ 25.
Rxc1 Rxc1+ 26. Bxc1 Bb6 27. Qc2 Qc8 28. Qxc8+ Bxc8 29. a4 Bd7 30. a5 Bd4 31. Nd3 Bc8 32. Kf1 Nd7 33. Bb2 Bxb2 34. Nxb2 g6 35. g4 f5 36. f3 fxg4 37. fxg4 Nf6 38. g5 Nh5 39. Nd3 Kg7 40. Kf2 h6 41. h4 hxg5 42. hxg5 Kf7 43. Bf3 Ng7 44. Ne1 Bd7 45. Nd3 Nh5 46. Be2 Ng7 47. Bf3 Kg8 48. Ne1 Kh7 49. Ng2 Kg8 50. Nh4 Kf7 51.
Kg3 Bc8 52. Bg4 Bxg4 53. Kxg4 Nh5 54. Ng2 Ke7 55. Ne3 Nf4 56. Nd1 Nd3 57. Ne3 Nxb4 58. Ng2 Nd3 59. Nh4 Nf4 60. Kf3 Kf7 61. Ke3 Nh5 62. Nf3 Ng3 63. Ne1 Nf1+ 64. Ke2 Ng3+ 65. Kf3 Nh5 66. Nc2 Nf4 67. Nb4 Nd3 68. Nxd3 Ke7 69.
Nb4 Kd7 70. Nxa6 Kc8 71. Nb4 Kb7 72. Ke3 Ka7 73. Kd2 Kb7 74. Kc3 Ka7 75. Kb3 Kb7 76.
Nc6 Ka6 77. Kb4 Kb7 78. Kxb5 Kc7 79. Ne7 1-0

[Event "*** SCC Grand Prix: Titled Tuesday Blitz"]
[Site "Chess.com"]
[Date "2020.07.21"]
[Round "10"]
[White "Morshynska"]
[Black "HouseOfDurin"]
[Result "1-0"]
[WhiteElo "2178"]
[BlackElo "2058"]
[TimeControl "180+1"]
[EndTime "12:01:43 PDT"]
[Termination "Morshynska won by checkmate"]

1. e4 c5 2. Nf3 Nc6 3. d4 cxd4 4.
Nxd4 e5 5. Nb5 d6 6. N1c3 a6 7. Na3 b5 8. Nd5 Nf6 9. Nxf6+ Qxf6 10. c4 b4 11. Nc2 Be6 12. Ne3 Be7 13. Qa4 Rc8 14.
Nd5 Qh4 15. Nxb4 Qxe4+ 16. Be3 O-O 17. Nxc6 Qxc6 18. Qxc6 Rxc6 19. b3 d5 20. cxd5 Bb4+ 21. Bd2 Bxd2+ 22. Kxd2 Bxd5 23. Rc1 Rd6 24. Ke3 f5 25. f3 f4+ 26. Kf2 h6 27. Be2 e4 28.
fxe4 Bxe4 29. Rhd1 Rfd8 30. Rxd6 Rxd6 31. Rc4 Bb7 32. Rxf4 g5 33. Rb4 Rd7 34. Rb6 Kg7 35. Ke1 Re7 36. Kd2 Bxg2 37. Rxa6 Bd5 38. Rd6 Bf7 39.
Bd3 h5 40. Rd4 g4 41. Rf4 Ra7 42. Bb1 Rd7+ 43. Kc1 Kh6 44. Kb2 Kg5 45. Rf2 Be6 46. a4 Rb7 47. Bc2 h4 48. Ka3 g3 49. hxg3 hxg3 50.
Re2 Bd5 51. Rd2 Kf4 52. Rxd5 g2 53. Rd1 Kg3 54. Rg1 Kf2 55. Rxg2+ Kxg2 56. Be4+ Kg3 57. Bxb7 Kf4 58. a5 Ke5 59. a6 Kd6 60. a7 Kc7 61. a8=Q Kb6 62. Ka4 Kc7 63. Qa7 Kd6 64.
Ka5 Ke5 65. Qb6 Kf5 66. Qc6 Ke5 67. Bc8 Kd4 68. Kb6 Ke5 69. Qc7+ Kd4 70. Bb7 Kd3 71. b4 Kd4 72. b5 Kd3 73. Qc6 Kd4 74. Qc5+ Kd3 75.
Bc6 Ke2 76. Kc7 Kd3 77. b6 Kd2 78. b7 Kd3 79. b8=Q Kd2 80. Qbb4+ Kd3 81. Qcc3+ Ke2 82. Qbb2+ Kd1 83. Qcc1# 1-0

[Event "*** SCC Grand Prix: Titled Tuesday Blitz"]
[Site "Chess.com"]
[Date "2020.07.21"]
[Round "10"]
[White "Vuk2000"]
[Black "nrvignesh"]
[Result "1-0"]
[WhiteElo "2644"]
[BlackElo "2757"]
[TimeControl "180+1"]
[EndTime "12:01:44 PDT"]
[Termination "Vuk2000 won by resignation"]

1. d4 Nf6 2. Bg5 e6 3. e4 h6 4. Bxf6 Qxf6 5. c3 d6 6. Bd3 e5 7. Ne2 g5 8. O-O h5 9. Ng3 Nc6 10. Na3 h4 11. Nf5 Ne7 12. Nb5 Kd8 13. Ne3 c6 14. dxe5 Qxe5 15. Nc4 Qxb5 16. Nxd6 Qc5 17.
Nxf7+ Kc7 18. Nxh8 Be6 19. Qh5 Qd6 20. Rad1 Qf4 21.
g3 Bg4 22. gxf4 Bxh5 23. f5 Bg7 24. Ng6 Nxg6 25. fxg6 Bxd1 26. Rxd1 Rd8 27. Be2 Rxd1+ 28. Bxd1 Kd6 29. Bg4 Ke5 30. f3 Kf4 31. Kf2 c5 32.
Ke2 b5 33. Bd7 b4 34. cxb4 cxb4 35. b3 Ke5 36. Kd3 Kd6 37. Bf5 Kc5 38. Ke3 Be5 39.
Kf2 Kd6 40. Kg2 Ke7 41. h3 a5 42. Kf2 Kd6 43. Ke3 Kc5 44. Kd3 Bd4 45. Be6 Bf6 46. Bc4 Be5 47. Bf7 Bf6 48. e5 Bxe5 49. Ke4 Bg7 50. Kf5 Kd6 51. Kxg5 Ke5 52. f4+ Ke4 53.
Bc4 Kd4 54. Kf5 Ke3 55. Bd5 Kd4 56. Bc6 Kc5 57. Bb7 Kd6 58. Kg5 Ke6 59. Be4 Ke7 60. Kxh4 Kf6 61. Kg4 Bf8 62. h4 Bd6 63. Bd3 Bf8 64.
f5 Bh6 65. Kf3 Bd2 66. Ke4 Bc3 67. Kd5 Bd2 68. Be4 Bc3 69. Kc4 Bd2 70. Kb5 1-0

[Event "*** SCC Grand Prix: Titled Tuesday Blitz"]
[Site "Chess.com"]
[Date "2020.07.21"]
[Round "10"]
[White "lider34"]
[Black "Gandrade2"]
[Result "0-1"]
[WhiteElo "2198"]
[BlackElo "2111"]
[TimeControl "180+1"]
[EndTime "12:01:54 PDT"]
[Termination "Gandrade2 won by checkmate"]

1. e4 c5 2. c3 d5 3. exd5 Qxd5 4. d4 g6 5. Na3 cxd4 6. Nb5 Na6 7. Qxd4 Qxd4 8. Nxd4 Bg7 9. Ngf3 Nf6 10. Bb5+ Bd7 11.
Bf4 O-O 12. O-O-O Nc5 13. h3 a6 14. Bxd7 Nfxd7 15. Rhe1 Rfe8 16. Nc2 e5 17. Bg3 e4 18.
Kb1 exf3 19. Rxe8+ Rxe8 20. b4 fxg2 21. bxc5 Nxc5 22.
Rg1 Bxc3 23. Rxg2 Re6 24. Ne3 Ne4 25. Kc2 Nxg3 26. Kxc3 Ne4+ 27. Kd4 Nf6 28. Rg1 Kf8 29. Rb1 Re7 30. Rb6 Nd7 31. Rxb7 Nf6 32. Rb6 Nh5 33.
Rxa6 Nf4 34. a4 Nxh3 35. a5 Nxf2 36. Rf6 Ne4 37. Rc6 Ng5 38. Nd5 Ne6+ 39. Kc4 Rd7 40.
a6 Nd8 41. Rc8 Kg7 42. Nb6 Rd6 43. a7 Rxb6 44. a8=Q Ne6 45. Qa1+ Kh6 46. Qh1+ Kg7 47. Qf3 Rb7 48. Ra8 Rd7 49. Ra1 Rd4+ 50. Kc3 Rf4 51. Qd5 Rf5 52. Re1 Rxd5 53. Kc4 Rf5 54. Kc3 h5 55.
Kc4 Nf4 56. Kc3 Ng2 57. Kc4 Nf4 58. Kd4 Ne6+ 59. Ke4 Kf6 60. Kd3 Rd5+ 61. Kc4 Rd4+ 62. Kc3 h4 63. Rf1+ Rf4 64. Rg1 g5 65. Rh1 Kf5 66. Kd3 f6 67. Ke3 Re4+ 68. Kd3 Nf4+ 69. Kd2 Re2+ 70. Kd1 Rg2 71. Rf1 h3 72. Ke1 h2 73.
Kd1 Rg1 74. Ke1 Rxf1+ 75. Kxf1 h1=Q+ 76. Kf2 Qg2+ 77. Ke3 Qe4+ 78. Kd2 Qd3+ 79. Kc1 Qe2 80. Kb1 Ke4 81. Ka1 Kd3 82. Kb1 Kc3 83. Kc1 Qc2# 0-1

[Event "*** SCC Grand Prix: Titled Tuesday Blitz"]
[Site "Chess.com"]
[Date "2020.07.21"]
[Round "10"]
[White "tigra"]
[Black "124chess"]
[Result "1-0"]
[WhiteElo "2860"]
[BlackElo "2690"]
[TimeControl "180+1"]
[EndTime "12:02:14 PDT"]
[Termination "tigra won by resignation"]

1. e4 c6 2. d4 d5 3. e5 Bf5 4.
a4 e6 5. a5 Ne7 6. Nf3 Ng6 7.
Nbd2 a6 8. h3 h5 9. Bd3 Bxd3 10.
cxd3 Bb4 11. O-O Bxa5 12. Nb3 Bb4 13. Nc5 b6 14. Bg5 Qc8 15. Na4 Nd7 16. Rc1 Qb7 17.
Nh4 a5 18. f4 Nxh4 19. Bxh4 g6 20. Rc2 c5 21. dxc5 Nxc5 22. Nxc5 Bxc5+ 23. d4 Be7 24. Bxe7 Kxe7 25. Qd3 Rhc8 26. Rfc1 Rxc2 27. Qxc2 Kf8 28. Kf2 Kg7 29. Kg3 b5 30. Qc5 b4 31.
Qd6 Rc8 32. Rc5 a4 33. Rxc8 Qxc8 34. Qxb4 Qc1 35. Qxa4 Qxb2 36. Qd1 Qc3+ 37. Kh4 Qe3 38. Qf3 Qxd4 39. g4 hxg4 40. hxg4 Qg1 41. Kh3 d4 42. Qe4 Qf1+ 43. Kg3 d3 44. Qe3 Qd1 45. Kf2 Qc2+ 46.
Ke1 Qg2 47. g5 Qc2 48. Qd2 Qc4 49. Qe3 Qc3+ 50. Qd2 Qd4 51. Kf1 Qe4 52. Kf2 Qf5 53. Qe3 Qg4 54. Ke1 Qf5 55. Kd2 Qg4 56. Qe4 Qh3 57. Qxd3 Qg2+ 58. Ke3 Qg3+ 59. Ke4 Qg2+ 60. Qf3 Qc2+ 61. Kd4 Qb2+ 62. Kc5 Qa2 63. Qe4 Qa3+ 64. Kb6 Qb3+ 65. Kc7 Qc3+ 66. Kd7 Qd2+ 67. Ke7 Qc1 68. Qd4 Qc7+ 69. Qd7 Qc5+ 70. Qd6 Qa7+ 71. Kd8 Qa8+ 72. Kd7 Qa4+ 73. Kd8 Qxf4 74. Ke8 Qxg5 75. Qf8+ Kh7 76.
Qxf7+ Kh6 77. Qxe6 Qc1 78. Qd6 Qe3 79. e6 Kh5 80. e7 g5 81. Kf7 Qf3+ 82. Kg8 Qb3+ 83. Kg7 Qc3+ 84. Qf6 Qe3 85. Qf7+ Kg4 86. e8=Q Qxe8 87.
Qxe8 1-0

[Event "*** SCC Grand Prix: Titled Tuesday Blitz"]
[Site "Chess.com"]
[Date "2020.07.21"]
[Round "10"]
[White "Shushik"]
[Black "checkmatequen"]
[Result "1-0"]
[WhiteElo "2250"]
[BlackElo "2312"]
[TimeControl "180+1"]
[EndTime "12:02:25 PDT"]
[Termination "Shushik won by resignation"]

1. e4 c5 2. Ne2 e6 3. g3 c4 4. Bg2 Nc6 5. O-O b5 6. d3 cxd3 7. cxd3 Bb7 8. f4 g6 9. Be3 Bg7 10. d4 Nge7 11. e5 O-O 12. Nbc3 a6 13. Ne4 Na5 14. b3 Nf5 15. Bf2 h5 16. Qd2 d6 17.
Be1 Nc6 18. Rc1 Qd7 19. Bf2 Rfd8 20. Qb2 Nh6 21. Nxd6 Na5 22. Nxb7 Nxb7 23. Qa3 Ng4 24. Bc6 Qc7 25. b4 Qb6 26. Qf3 Nxf2 27. Rxf2 Rab8 28. Bxb7 Rxb7 29. Rc6 Qa7 30. Qc3 Bf8 31. Rf1 a5 32. bxa5 b4 33. Qc2 Qxa5 34. Rc1 Ra7 35. Rc8 Rxc8 36.
Qxc8 Qxa2 37. Kf2 b3 38. Qd8 b2 39. Rc8 Qa3 40. Nc3 Rb7 41. Nb1 Qb4 42. Kf3 Ra7 43.
Rb8 Qe7 44. Qxe7 Rxe7 45. Rxb2 Rd7 46. Ke3 Kg7 47. Nc3 Rc7 48. Ne4 Rc1 49. Re2 Bb4 50. Nf6 Rc3+ 51. Ke4 Ba3 52. d5 Rc4+ 53. Kd3 Rc1 54.
d6 Bxd6 55. exd6 Kf8 56. Nh7+ Ke8 57. Nf6+ Kd8 58. Rc2 Rd1+ 59. Rd2 Rc1 60. Ke4 Rc4+ 61. Rd4 Rc1 62. d7 Re1+ 63. Kf3 Rf1+ 64. Ke2 Ra1 65.
Rc4 Ra2+ 66. Ke1 Ra8 67. Kd2 Rb8 68. Rc8+ Rxc8 69. dxc8=Q+ Kxc8 70. Ke3 Kd8 71. Ke4 Ke7 72. Ke5 Kf8 73. Ne4 Kg7 74. Kd6 Kf8 75. Ke5 Kg7 76.
Nd2 Kf8 77. Kf6 Ke8 78. Nf3 Kf8 79. Ne5 Ke8 80. Nxf7 Kd7 81. Kxg6 Ke7 82. Ne5 Kd6 83. Kxh5 Kd5 84. g4 Ke4 85. g5 Kxf4 86. g6 Kxe5 87. g7 Kf5 88. g8=Q e5 89. Qg3 Ke4 90. Qe1+ Kd4 91. Qe2 e4 92. Kg6 e3 93. h4 Ke4 94.
h5 1-0

[Event "*** SCC Grand Prix: Titled Tuesday Blitz"]
[Site "Chess.com"]
[Date "2020.07.21"]
[Round "10"]
[White "cassoulet"]
[Black "szachuspl"]
[Result "1-0"]
[WhiteElo "2655"]
[BlackElo "2555"]
[TimeControl "180+1"]
[EndTime "12:02:35 PDT"]
[Termination "cassoulet won by resignation"]

1. e4 c5 2. Nf3 e6 3. d4 cxd4 4. Nxd4 Nc6 5. Nc3 a6 6. Be3 Nf6 7. Bd3 d5 8. O-O Bb4 9. exd5 exd5 10. Nxc6 bxc6 11. Bd4 O-O 12. Qf3 Be6 13. h3 Bd6 14. Rfe1 a5 15. Na4 Nd7 16. Qh5 h6 17. Rxe6 fxe6 18.
Bxg7 Qg5 19. Qxg5 hxg5 20. Bxf8 Kxf8 21. Re1 Kf7 22. c4 Rb8 23. b3 Kf6 24. Be2 Bb4 25. Rd1 Ke5 26. Nb2 Kd6 27. Nd3 Bc3 28. Bg4 Nf6 29. Bf3 e5 30. Nc1 e4 31. Bg4 a4 32.
Ne2 Be5 33. cxd5 cxd5 34. bxa4 Rb2 35. Kf1 Rxa2 36. Bf5 Rxa4 37. g3 Ra2 38. h4 gxh4 39. gxh4 Ra8 40. Bg6 Ke6 41. Rb1 Rh8 42. Rb6+ Kd7 43.
h5 Nxh5 44. Bf5+ Kc7 45. Re6 Bb2 46. Rg6 Rf8 47. Bg4 Nf6 48. Nf4 Nxg4 49. Ne6+ Kb7 50. Nxf8 Ne5 51. Re6 Kc7 52. Ng6 Nxg6 53. Rxg6 Be5 54. Ke2 Bf4 55. Rf6 Be5 56. Rh6 Kd7 57. Ra6 Bd4 58. f3 exf3+ 59. Kxf3 Be5 60. Ke3 Ke7 61.
Kd3 Kd7 62. Kc2 Kc7 63. Kb3 Bd6 64. Kc3 Bc5 65. Rg6 Kd7 66. Kd3 Ke7 67. Ke2 Bd6 68. Kf3 Kd7 69. Kg4 Kc6 70. Kf5 Kc5 71. Rg8 d4 72. Ke4 Bc7 73. Rc8 Kd6 74. Kxd4 Bb6+ 75. Ke4 Bc7 76. Rg8 Ke6 77. Rg6+ Kf7 78. Kf5 Bd8 79.
Rc6 Ke7 80. Ke5 Kd7 81. Rd6+ Ke7 82. Ra6 Bc7+ 83. Kd5 Bg3 84. Re6+ Kf7 85. Re3 Bc7 86. Rb3 Bh2 87. Rb2 Bg3 88. Ke4 Ke6 89. Rb6+ Bd6 90. Ra6 Ke7 91. Kd5 Bf4 92. Ra7+ Kf6 93. Ra2 Kf5 94.
Rf2 Kg4 95. Ke4 Bg3 96. Rg2 Kh4 97. Kf3 Bd6 98. Rg4+ Kh5 99. Rg8 Be5 100. Ke4 Bf6 101. Kf5 Bc3 102. Rg3 Be1 103. Rh3+ Bh4 104. Rh2 Kh6 105. Rxh4+ Kg7 106. Rh5 1-0

[Event "*** SCC Grand Prix: Titled Tuesday Blitz"]
[Site "Chess.com"]
[Date "2020.07.21"]
[Round "10"]
[White "Fandorine"]
[Black "GigaQuparadze"]
[Result "0-1"]
[WhiteElo "2932"]
[BlackElo "2894"]
[TimeControl "180+1"]
[EndTime "12:02:50 PDT"]
[Termination "GigaQuparadze won by resignation"]

1. e4 c5 2. Be2 g6 3. f4 Bg7 4.
Nf3 Nc6 5. c3 d5 6. d3 Nf6 7. e5 Ng4 8. Na3 d4 9. Nc2 O-O 10. O-O f6 11. exf6 Nxf6 12. c4 a5 13.
b3 b6 14. Bd2 Bb7 15. Ng5 Qd6 16. Bf3 Rab8 17. Qe2 Bc8 18. Na3 Na7 19. Rae1 h6 20. Ne6 Rf7 21. Nxg7 Kxg7 22. h3 Bb7 23. Bxb7 Rxb7 24. f5 g5 25. Qf3 Qc6 26. Qg3 Nh5 27. Qe5+ Nf6 28. Qg3 Nh5 29. Qg4 Nf6 30. Qd1 Qd7 31.
Re6 Nc6 32. Nb5 Nd8 33. Ree1 Nc6 34. Qf3 Na7 35. Nxa7 Rxa7 36. a4 Qb7 37. Qg3 Nh5 38. Qe5+ Nf6 39. h4 g4 40. Qf4 h5 41. Re6 Kg8 42. Rfe1 Rg7 43. Qg3 Ra8 44. Bg5 Rf7 45.
Qe5 Qb8 46. Bxf6 exf6 47. Qd5 Qd8 48. Rd6 Qf8 49. g3 Kg7 50. Ree6 Re8 51. Qe4 Qxd6 52.
Rxd6 Rxe4 53. dxe4 Re7 54. Kf2 Rxe4 55. Rxb6 Re5 56.
Rb5 Rxf5+ 57. Ke2 Rf3 58. Rxc5 Kg6 59. Rxa5 Rxb3 60. c5 Rxg3 61. Rb5 Rc3 62. a5 g3 63.
a6 Rc2+ 64. Kf3 d3 65. a7 g2 66. Rb1 Ra2 67. c6 Rxa7 68. Kxg2 Rc7 69. Rc1 d2 70. Rd1 Rxc6 71. Rxd2 Rc4 72. Kg3 Rg4+ 73. Kh3 Rc4 74.
Rg2+ Kf5 75. Rf2+ Rf4 76. Ra2 Rf3+ 77. Kg2 Kg4 78. Ra8 Rf4 79. Rg8+ Kxh4 80. Rh8 Rg4+ 81. Kf3 Rg5 82. Rh7 Rf5+ 83. Kg2 Kg4 84. Rg7+ Rg5 85. Rh7 f5 86. Ra7 h4 87. Ra4+ f4 88. Ra8 h3+ 89. Kh2 Rb5 90. Rg8+ Kf3 91. Ra8 Rb3 92. Ra7 Kf2 93. Ra2+ Kf3 94. Ra7 Re3 95. Ra8 Kg4 96. Rg8+ Kf5 97. Rf8+ Ke4 98. Ra8 f3 99. Kxh3 Re2 100.
Kg3 Rg2+ 101. Kh3 Rg7 102. Kh2 f2 103. Rf8 Ke3 104.
Re8+ Kd2 105. Rf8 Ke1 106. Re8+ Kf1 107. Ra8 Rh7+ 108. Kg3 Kg1 0-1